Map: Cerulean Fall LE

Players

llllllllllll

  • Race: Protoss Protoss
  • League: Master
  • Spawn Location: 7:00

Lambo - Winner!

  • Race: Zerg Zerg
  • League: Grandmaster
  • Spawn Location: 1:00

VOD

Have the link to the VOD?

Description

Time

  • Played on: Dec. 16, 2018, 11:19 a.m.
  • Length: 5:44
Show
View Real Time Build Order
Export as new Build Order

llllllllllll Protoss 

Build Orders:  

Get SALT Encoding   

  12  0:00  Probe  
  13  0:12  Probe  
  14  0:18  Pylon  
  14  0:22  Probe  
  15  0:32  Probe  
  15  0:39  Forge  
  15  0:41  Probe  
  17  0:50  Pylon  
  17  1:12  Photon Cannon  
  17  1:14  Gateway  
  17  1:16  Probe  
  18  1:20  Pylon  
  18  1:26  Assimilator  
  18  1:29  Probe  
  19  1:35  Assimilator  
  19  1:38  Probe  
  19  1:46  Probe  
  20  1:53  Photon Cannon  
  21  2:01  Cybernetics Core  
  21  2:12  Pylon  
  21  2:20  Photon Cannon  
  21  2:39  Stalker  
  21  2:41  Robotics Facility, Photon Cannon  
  23  2:59  Shield Battery  
  23  3:03  Shield Battery  
  23  3:07  Stalker  
  23  3:15  Shield Battery  
  29  3:34  Immortal  
  29  3:45  Shield Battery  
  29  3:57  Shield Battery  
  29  4:10  Shield Battery  
  31  4:18  Immortal  
  31  4:23  Pylon  
  31  4:47  Pylon  
  31  4:50  Shield Battery  
  31  4:55  Immortal  
  35  5:01  Pylon, Shield Battery  
  33  5:13  Shield Battery  
  33  5:15  Shield Battery  
  33  5:24  Shield Battery  
  29  5:31  Shield Battery  
  29  5:32  Shield Battery  
  29  5:38  Pylon  
Show
View Real Time Build Order
Export as new Build Order

Lambo Zerg - Winner!

Build Orders: Hatch First, Ravager All-In 

Get SALT Encoding   

  12  0:00  Drone  
  13  0:12  Overlord  
  13  0:18  Drone  
  14  0:31  Drone  
  15  0:42  Drone  
  16  0:49  Hatchery  
  15  0:53  Drone  
  15  0:56  Drone  
  17  1:21  Spawning Pool, Drone x2  
  17  1:23  Extractor x2  
  16  1:27  Drone  
  16  1:32  Drone  
  19  1:44  Drone  
  20  1:50  Hatchery  
  19  2:01  Drone  
  20  2:08  Queen  
  20  2:10  Roach Warren  
  21  2:16  Drone  
  21  2:20  Overlord  
  22  2:46  Queen, Overlord  
  22  2:50  Roach  
  26  2:53  Roach  
  28  3:01  Roach  
  30  3:09  Roach  
  30  3:10  Ravager  
  33  3:17  Roach, Ravager  
  36  3:20  Roach  
  36  3:23  Ravager  
  39  3:32  Roach  
  39  3:34  Ravager  
  42  3:42  Ravager  
  42  3:44  Overlord  
  44  3:50  Ravager  
  44  4:03  Zergling x6  
  44  4:06  Ravager  
  44  4:07  Queen  
  50  4:14  Overlord  
  49  4:29  Overlord  
  41  4:43  Roach x3  
  47  4:47  Roach  
  49  4:57  Roach  
  48  5:08  Queen, Ravager x2  
  48  5:09  Ravager  
  53  5:17  Roach  
Tags
 
Add a new tag
Caveats
  • Supply blocks, unpowered buildings, or Contaminate may cause inaccurate times.
  • Supply counts are checked every 10 seconds.